 Dungeon Crawl Stone Soup version 0.27.1-1-g398f81649c (webtiles) character file.

Game seed: 2409049116265172822

35 Kala the Shield-Bearer (level 3, 28/34 HPs)
             Began as a Deep Dwarf Fighter on Sept 8, 2021.
             Was a Follower of Vehumet.
             Quit the game on level 2 of the Dungeon.
             The game lasted 00:02:47 (799 turns).

Kala the Shield-Bearer (Deep Dwarf Fighter)          Turns: 799, Time: 00:02:48

Health: 28/34      AC:  8    Str: 20    XL:     3   Next: 17%
Magic:  3/3        EV:  7    Int:  8    God:    Vehumet [*.....]
Gold:   55         SH:  9    Dex: 12    Spells: 2/2 levels left

rFire    . . .     SeeInvis .   a - +0 war axe
rCold    . . .     Faith    .   c - +0 kite shield
rNeg     . . .     Spirit   .   b - +0 scale mail
rPois    .         Reflect  .   (no helmet)
rElec    .         Harm     .   h - +0 cloak
rCorr    .         Rampage  .   (no gloves)
Will     .....                  (no boots)
Stlth    ..........             (no amulet)
HPRegen  0.00/turn              (no ring)
MPRegen  0.08/turn              (no ring)

@: no status effects
A: damage resistance, heal wounds, sense surroundings 1, no regeneration
a: Heal Wounds, Renounce Religion


You were on level 2 of the Dungeon.
You worshipped Vehumet.
Vehumet was aware of your devotion.
You visited 1 branch of the dungeon, and saw 2 of its levels.

You collected 55 gold pieces.

Inventory:

Hand Weapons
 a - a +0 war axe (weapon)
Armour
 b - a +0 scale mail (worn)
 c - a +0 kite shield (worn)
 h - a +0 cloak (worn)
Scrolls
 e - a scroll of fear {unknown}
 f - 2 scrolls of identify {unknown}
 i - a scroll of fog {unknown}
Potions
 d - 2 potions of might
 g - a potion of invisibility {unknown}


   Skills:
 + Level 3.0 Fighting
 + Level 2.6 Axes
 + Level 3.6 Armour
 + Level 0.2 Dodging
 + Level 3.9 Shields


You had 2 spell levels left.
You didn't know any spells.
Your spell library contained the following spells:

 Spells                   Type           Power      Damage    Failure   Level
 Magic Dart               Conj           0%         1d3       99%         1
 Tukima's Dance           Hex            0%         N/A       100%        3
 Passage of Golubria      Tloc           N/A        N/A       100%        4
 Yara's Violent Unravell  Hex/Tmut       0%         3d3       100%        5


Dungeon Overview and Level Annotations

Branches:
Dungeon (2/15)

Altars:
Vehumet
Yredelemnul


Innate Abilities, Weirdness & Mutations

You are resistant to damage.
You can heal yourself by infusing magical energy.
You passively map a small area around you.
You do not regenerate.


Message History

You block the adder's attack.
Your shield and scale mail prevent you from hitting the adder.
The adder is severely wounded.
You are no longer poisoned.
The adder completely misses you. You block the adder's attack.
You closely miss the adder.
The adder is severely wounded.
The adder bites you. The adder barely misses you.
You miss the adder.
The adder is severely wounded.
The adder bites you. You block the adder's attack.
You miss the adder.
The adder is severely wounded.
The adder closely misses you. The adder bites you but does no damage.
Your shield prevents you from hitting the adder.
The adder is severely wounded.
The adder barely misses you. The adder bites you but does no damage.
Your shield prevents you from hitting the adder.
The adder is severely wounded.
You block the adder's attack. The adder barely misses you.
You closely miss the adder.
The adder is severely wounded.
The adder bites you but does no damage. The adder barely misses you.
You hit the adder.
You kill the adder!
Your Fighting skill increases to level 3!
You have reached level 3!
Your experience leads to an increase in your attributes!
Increase (S)trength, (I)ntelligence, or (D)exterity?
You feel stronger.
Are you sure you want to abandon this character and quit the game? (Confirm with "yes".)
Okay, then.
There is a shaft here.
There is a faded altar of an unknown god here.
You cannot tell which god this altar belongs to.
Convert to them anyway?
Vehumet accepts your prayer! Vehumet welcomes you!
You can now gain magical power from killing.
Vehumet offers you knowledge of Magic Dart.
Are you sure you want to abandon this character and quit the game? (Confirm with "yes".)

###### ###
######.##.######.#
#....†...........#
*#.##############.#
* ,
####.....######## ,
,* #@^..###........#
*, ########.######.#
* #......####* , * *
######.............
, ,
......†.†...####...,
#####...<..## * *
#......#* * #.#.####
, , #.#>.


There were no monsters in sight!

Vanquished Creatures
  An adder (D:2)
  A worm (D:2)
  An endoplasm (D:2)
  A giant cockroach (D:1)
  A goblin (D:1)
  A hobgoblin (D:1)
  4 jackals (D:2)
  3 ball pythons
  2 bats (D:1)
  2 frilled lizards (D:2)
  4 kobolds
  2 rats
23 creatures vanquished.

Notes
Turn   | Place    | Note
-------+----------+-------------------------------------------
     0 | D:1      | Kala the Deep Dwarf Fighter began the quest for the Orb.
     0 | D:1      | Reached XP level 1. HP: 20/20 MP: 1/1
   324 | D:1      | Reached XP level 2. HP: 25/27 MP: 2/2
   594 | D:2      | Found a basalt altar of Yredelemnul.
   741 | D:2      | Found a faded altar of an unknown god.
   781 | D:2      | Reached XP level 3. HP: 28/34 MP: 3/3
   798 | D:2      | Became a worshipper of Vehumet
   798 | D:2      | Reached * piety under Vehumet
   798 | D:2      | Offered knowledge of Magic Dart by Vehumet.
   799 | D:2      | Quit the game

Illustrated notes

Levels and vault maps discovered:
D:1:      lemuel_arrival_river_bridge, layout_rooms
D:2:      layout_basic, basic_altar, hellmonk_ecumenical_altar_leap_of_faith,
          nrook_campfire

Skill      XL: |  1  2 |
---------------+-------+-----
Fighting       | 3 |  3.0
Axes           | |  2.6
Armour         | |  3.6
Dodging        | |  0.2
Shields        | |  3.9

Action                   || total
-------------------------++-------
Melee: War axe           ||    92
 Abil: Heal Wounds       ||     1
Armor: Scale mail        ||    50
Dodge: Dodged            ||    40
Block: Kite shield       ||    65
